 Dungeon Crawl Stone Soup version 0.30-a0-422-g946f4849ff (webtiles) character file.

Game seed: 11801555289522408776

41 Bane11 the Caller (level 3, -1/26 HPs)
             Began as a Barachi Summoner on Dec 8, 2022.
             Slain by a goblin
             ... wielding a +0 dagger
             ... led by Robin
              (3 damage)
             ... on level 2 of the Dungeon.
             The game lasted 00:03:46 (1480 turns).

Bane11 the Caller (Barachi Summoner)                Turns: 1480, Time: 00:03:47

Health: -1/26      AC:  2    Str:  9    XL:     3   Next: 52%
Magic:  3/6        EV: 12    Int: 17    God:
Gold:   56         SH:  0    Dex: 12    Spells: 3/7 levels left

rFire   . . .      SeeInvis .    k - +0 quarterstaff (spect)
rCold   . . .      Faith    .    (shield currently unavailable)
rNeg    . . .      Spirit   .    a - +0 robe
rPois   .          Reflect  .    (no helmet)
rElec   .          Harm     .    (no cloak)
rCorr   .          Rampage  .    (no gloves)
Will    .....                    (no boots)
Stlth   ++........               (no amulet)
HPRegen 0.24/turn                (no ring)
MPRegen 0.10/turn                (no ring)

@: slow
A: amphibious, slowness 1, strong legs 1, +LOS
a: Hop


You were on level 2 of the Dungeon.
You visited 1 branch of the dungeon, and saw 3 of its levels.

You collected 56 gold pieces.

Inventory:

Hand Weapons
 c - a +0 short sword
 f - a +0 rapier
 k - a +0 spectral quarterstaff (weapon)
Armour
 a - a +0 robe (worn)
Magical Staves
 d - a staff of conjuration
Scrolls
 h - a scroll of enchant weapon {unknown}
 i - a scroll of blinking {unknown}
 j - 4 scrolls of identify {unknown}
 l - a scroll of noise {unknown}
 m - a scroll of magic mapping {unknown}
Potions
 b - a potion of magic
 e - 4 potions of flight {unknown}
 g - a potion of lignification {unknown}


   Skills:
 + Level 1.0 Fighting
 - Level 2.1 Dodging
 - Level 1.7 Stealth
 + Level 2.5 Spellcasting
 + Level 5.9 Summonings


You had 3 spell levels left.
You knew the following spells:

 Your Spells              Type           Power      Damage    Failure   Level
a - Summon Small Mammal   Summ           88%        N/A       1%          1
b - Call Canine Familiar  Summ           22%        N/A       4%          3

Your spell library contained the following spells:

 Spells                   Type           Power      Damage    Failure   Level
 Call Imp                 Summ           22%        N/A       2%          2
 Summon Guardian Golem    Hex/Summ       12%        N/A       16%         3
 Gell's Gravitas          Tloc           2%         N/A       50%         3
 Lesser Beckoning         Tloc           4%         N/A       50%         3
 Teleport Other           Tloc           2%         N/A       50%         3
 Summon Lightning Spire   Summ/Air       12%        N/A       47%         4


Dungeon Overview and Level Annotations

Branches:
Dungeon (3/15)

Altars:

Annotations:
D:3 Robin


Innate Abilities, Weirdness & Mutations

You are amphibious.
You cover ground slowly.
You can hop short distances.
You have an extended range of vision and can be seen from far away.


Message History

You climb downwards.
Level annotation: Robin The goblin shouts!
You hear a shout!
The hobgoblin hits you. The goblin hits you with a +0 dagger.
The goblin closely misses you.
There is a stone staircase leading up, spattered with blood here.
The hobgoblin misses you.
You climb upwards.
There is a stone staircase leading down here.
Casting: Summon Small Mammal (safe; 1% risk of failure)
Confirm with . or Enter, or press ? or * to list all spells.
The spell is quite dangerous to miscast (4% risk of failure)!
Continue anyway?
Okay, then.
Casting: Call Canine Familiar (quite dangerous; 4% risk of failure)
Confirm with . or Enter, or press ? or * to list all spells.
The spell is quite dangerous to miscast (4% risk of failure)!
Continue anyway?
The goblin hits you with a +0 dagger. The goblin hits you but does no damage.
The hobgoblin barely misses you. The goblin hits you with a +0 club.
You closely miss the hobgoblin.
Your hound bites the goblin.
The goblin misses you. The hobgoblin hits you.
The goblin hits you with a +0 dagger. The goblin hits you but does no damage.
Your hound closely misses the goblin.
Unknown command.
You hit the hobgoblin.
The hobgoblin is moderately wounded.
The goblin hits you with a +0 dagger. The goblin misses you.
The hobgoblin barely misses you. The goblin hits you with a +0 club.
* * * LOW HITPOINT WARNING * * *
Your hound barely misses the goblin.
The hobgoblin barely misses you.
The goblin closely misses you. x2; The goblin hits you with a +0 dagger.
* * * LOW HITPOINT WARNING * * *
Your hound barely misses the goblin.
You barely miss the goblin.
The goblin is severely wounded.
Your +0 spectral quarterstaff hits the goblin!
You kill the goblin!
Your hound closely misses the goblin.
The goblin hits you with a +0 club.
* * * LOW HITPOINT WARNING * * *
The hobgoblin barely misses you. The goblin hits you with a +0 dagger.
You die...

...##..#...#.##.##..#.#
.....รท.......##.###.#.#
..[.....#.##.##.###.#.#
......................#
...##.#.#.##.#####..### ##
.#....#.#.##.##....[# #.
###.............##.########### #.
.#..###......###gg.....#.....# #.
...## ###.##.###@#.#.#.......####
#### #...#...g)(.##..#.........
...# #...#####h##..........####
##.# #...# #.##.#..#.....# ##.#
#...# #..........#### ...# #...#
###...........####
#..#####)..#######...>....#....<#
.................#........#.....#
................................#


You could see a hobgoblin, 2 goblins, a friendly +0 spectral quarterstaff
(summoned) and a friendly hound (summoned).

Vanquished Creatures
  2 endoplasms (D:2)
  A giant cockroach (D:2)
  4 goblins
  4 hobgoblins
  2 jackals (D:1)
  4 kobolds
  A quokka (D:1)
  3 ball pythons
  2 bats (D:1)
  3 frilled lizards
  3 rats
29 creatures vanquished.

Vanquished Creatures (collateral kills)
  A giant cockroach (D:1)
  A goblin (D:1)
  2 jackals (D:1)
  2 kobolds (D:1)
  A quokka (D:1)
  A frilled lizard (D:1)
  A rat (D:1)
9 creatures vanquished.

Grand Total: 38 creatures vanquished

Notes
Turn   | Place    | Note
-------+----------+-------------------------------------------
     0 | D:1      | Bane11 the Barachi Summoner began the quest for the Orb.
     0 | D:1      | Reached XP level 1. HP: 13/13 MP: 3/3
   111 | D:1      | Reached skill level 5 in Summonings
   209 | D:1      | Reached XP level 2. HP: 20/20 MP: 5/5
   771 | D:1      | Reached XP level 3. HP: 25/25 MP: 3/6
  1059 | D:2      | Identified the +1 ring mail "Keudeis" {rPois rF- rN+}
  1139 | D:2      | Reached skill level 1 in Fighting
  1455 | D:3      | Noticed Robin
  1466 | D:2      | Learned a level 3 spell: Call Canine Familiar
  1480 | D:2      | Slain by a goblin

Illustrated notes

Levels and vault maps discovered:
D:1:      amcnicky_arrival_feature_with_door, layout_loops_ring
D:2:      layout_loops_cross
D:3:      layout_rooms, mainiacjoe_overflow_24_doors, led_sif_book,
          nemelex_spade_bored_becter, dk_vineyard_1, serial_bayou_crossing,
          uniq_robin, uniq_natasha, uniq_ijyb

Skill      XL: |  1  2  3 |
---------------+----------+-----
Summonings     | 5 |  5.9
Fighting       | 1 |  1.0
Dodging        | |  2.1
Stealth        | |  1.7
Spellcasting   | |  2.5

Action                   || total
-------------------------++-------
Melee: Short sword       ||    71
       Quarterstaff      ||    23
       Rapier            ||     6
 Cast: Summon Small Mamm ||    12
       Call Canine Famil ||     1
 Stab: Sleeping          ||     4
       Distracted        ||     1
Armor: Robe              ||    19
Dodge: Dodged            ||    74

Table legend: (Time is in decaauts)
 A = Elapsed time spent in this place.
 B = Non-inter-level travel time spent in this place.
 C = Inter-level travel time spent in this place.
 D = Time resting spent in this place.
 E = Time spent auto-exploring this place.
 F = Levels seen in this place.
 G = Mean time per level.
                   A        B        C        D        E       F      G
               +--------+--------+--------+--------+--------+-----+--------+
         Total |   1714 |   1593 |    121 |      0 |   1230 |   3 |  571.3 |
       Dungeon |   1714 |   1593 |    121 |      0 |   1230 |   3 |  571.3 |
               +--------+--------+--------+--------+--------+-----+--------+

Top non-repeatable levels by time:
     D:1: 1062 daAuts
     D:2: 648 daAuts
     D:3: 4 daAuts
